 Dungeon Crawl Stone Soup version bcrawl-1.40.3b (webtiles) character file.

Game seed: 110130784996694611

299172 petercordia the Basher (level 9, -6/100 HPs)
             Began as an Ent Archaeologist on Feb 9, 2024.
             Was a Priest of Uskayaw.
             Killed by burning poison
             ... invoked by rychschax's ghost
              (18 damage)
             ... on level 6 of the Dungeon.
             The game lasted 00:18:01 (5837 turns).

petercordia the Basher (Ent Archaeologist)          Turns: 5837, Time: 00:18:01

Health: -6/100     AC: 17    Str: 18    XL:     9   Next: 33%
Magic:  7/11       EV: 10    Int: 19    God:    Uskayaw [***...]
Gold:   469        SH:  0    Dex:  8    Spells: 8/8 levels left

rFire    . . .     GDR:     29% s - +0 giant spiked club
rCold    . . .     SeeInvis .   (shield currently unavailable)
rNeg     + + +     Gourm    .   (armour unavailable)
rPois    +         Faith    .   c - +1 hat
rElec    .         Spirit   .   (no cloak)
rCorr    .         Reflect  .   (gloves unavailable)
MR       .....                  (boots unavailable)
Stlth    ++........             (no amulet)
HPRegen  0.26/turn              (no ring)
MPRegen  0.12/turn              (no ring)

@: lethally poisoned (-6 -> -11), studying Maces & Flails, very slow
A: large, slow actions, passwall, strong branches, negative energy resistance 3,
poison resistance, slow metabolism 1, torment resistance, unbreathing, AC +16
a: Passwall, Stomp, Line Pass, Renounce Religion


You were on level 6 of the Dungeon.
You worshipped Uskayaw.
Uskayaw was noncommittal.
You were near starving.

You visited 2 branches of the dungeon, and saw 7 of its levels.
You also visited: Ossuary.

You collected 469 gold pieces.

Inventory:

Hand Weapons
 a - a +0 flail
 b - a +0 blowgun
 s - a +0 giant spiked club (weapon)
 w - a +0 whip
 B - a +0 shortbow
 C - a +0 hunting sling
Missiles
 d - 6 curare-tipped needles
 k - 237 poisoned needles
 n - 1091 stones (quivered)
 p - 518 arrows
 q - 262 bolts
 t - 86 poisoned tomahawks
 x - 481 sling bullets
Armour
 c - a +1 hat (worn)
Scrolls
 g - a scroll of revelation
 l - 2 scrolls of blinking {unknown}
 m - 3 scrolls of enchant armour {unknown}
 o - 2 scrolls of teleportation
 v - a scroll of immolation
 y - 2 scrolls of enchant weapon
 z - a scroll of fear {unknown}
 D - 6 scrolls of remove curse {unknown}
Potions
 f - a potion of mutation {unknown}
 h - 4 potions of curing
 j - a potion of degeneration {unknown}
 r - a potion of invisibility
 u - 4 potions of brilliance
 A - a potion of haste {unknown}
 E - a potion of magic {unknown}
 F - a potion of flight {unknown}
Comestibles
 e - 12 rations {!d}


   Skills:
 + Level 7.4 Fighting
 * Level 12.8 Maces & Flails
 + Level 4.4 Dodging
 + Level 3.9 Stealth
 + Level 3.1 Invocations


You had 8 spell levels left.
You didn't know any spells.
Your spell library contained the following spells:

 Spells                   Type           Power        Failure   Level  Hunger
 Sticks to Snakes         Tmut           #.......     30%         2    ####...
 Beastly Appendage        Tmut           Unusable     N/A         1    N/A
 Passwall                 Tmut/Erth      Unusable     N/A         2    N/A
 Spider Form              Tmut/Pois      Unusable     N/A         3    N/A
 Ice Form                 Ice/Tmut       Unusable     N/A         4    N/A
 Blade Hands              Tmut           Unusable     N/A         5    N/A

Dungeon Overview and Level Annotations

Branches:
Dungeon (6/12)             Temple (1/1) D:6

Altars:
Ashenzari
Fedhas
Gozag
Makhleb
Nemelex Xobeh
Qazlal
Ru
Uskayaw
Xom
Zin

Annotations:
D:6 1 transporter, rychschax's ghost, novice AvVM


Innate Abilities, Weirdness & Mutations

You move and act slowly.
You can pass through walls and trees.
Your branches can wield two-handed weapons with a shield.
Your thick bark is tough. (AC +16)
You are too large for most types of armour.
You are immune to negative energy. (rN+++)
Your system is resistant to poisons. (rPois)
You have a slow metabolism.
You are immune to unholy pain and torment.
You can survive without breathing.


Message History

You can no longer pass through a line of other dancers.
Uskayaw no longer protects you from magical silence.
There is a transporter here.
You are near starving!
You bludgeon rychschax's ghost!!
Rychschax's ghost is almost destroyed.
You feel sick.
Rychschax's ghost's toxic aura wanes.
Rychschax's ghost hits you but does no damage.
Rychschax's ghost closely misses you.
You can now pass through a line of other dancers.
Uskayaw protects you from magical silence.
You closely miss rychschax's ghost.
Rychschax's ghost is almost destroyed.
You feel less exhausted.
You feel sick.
Rychschax's ghost hits you but does no damage.
Rychschax's ghost mumbles some strange words.
Rychschax's ghost ignites the poison in its surroundings!
The poison in your system burns!
You die...

#..........#........##.....#...#.
#.........##........#......##....
#..###.....................#..##.
...#....##..##.................#.
.#.....####..#.........##......#.
#####.###.#............##...#.##.
#####...............##.##...####.
.#.............#################.
...............#@W.).©.....###...
...............#.)##...##..##....
#.............<#.#..#.#[.#.#.....
##..#..........#.#..#.#..#.#.....
.÷.............#..##...##..##....
'#####.........#.....?%....#.....
...##.....#....#############.....
.^##.....##..##.....©.©..........
.##...........###..#...#.........


You could see rychschax's ghost.

Vanquished Creatures
  A troll (D:6)
  A slime creature (D:5)
  Sigmund (D:4)
  Menkaure (D:6)
  2 water moccasins
  4 ogres
  3 phantoms
  2 bullfrogs (D:6)
  2 centaurs (D:4)
  2 scorpions
  A howler monkey (D:4)
  An orc priest (D:3)
  A crimson imp (D:4)
  A quasit (D:5)
  4 hounds
  2 jellies
  2 orc wizards (D:5)
  An iguana (D:4)
  3 worker ants
  2 mummies
  Robin (D:3)
  6 adders
  An ooze (D:3)
  4 worms
  4 dart slugs
  2 leopard geckos
  18 orcs
  3 spectral bats (Ossuary)
  2 giant cockroaches
  8 gnoll zombies (Ossuary)
  A goblin (D:1)
  6 hobgoblins
  12 jackals
  2 quokkas
  3 bats
  5 bat simulacra (Ossuary)
  A frilled lizard (D:4)
  4 goblin simulacra (Ossuary)
  6 goblin zombies (Ossuary)
  5 hobgoblin zombies (Ossuary)
  5 kobolds
  4 kobold simulacra (Ossuary)
  7 kobold zombies (Ossuary)
  4 orc zombies (Ossuary)
  A quokka skeleton (D:4)
  4 rats
  3 rat simulacra (Ossuary)
  A spectral goblin (Ossuary)
  4 spectral kobolds (Ossuary)
  3 spectral rats (Ossuary)
167 creatures vanquished.

Notes
Turn   | Place    | Note
-------+----------+-------------------------------------------
     0 | D:1      | petercordia the Ent Archaeologist began the quest for the
                  | Orb.
     0 | D:1      | Reached XP level 1. HP: 21/21 MP: 1/1
   349 | D:1      | Reached skill level 2 in Maces & Flails
   442 | D:1      | Reached XP level 2. HP: 29/29 MP: 2/2
   842 | D:2      | Reached skill level 3 in Maces & Flails
   976 | D:2      | Reached XP level 3. HP: 26/37 MP: 3/3
  1153 | D:3      | Found a blossoming altar of Fedhas.
  1183 | D:3      | Noticed a water moccasin
  1571 | D:3      | Reached skill level 4 in Maces & Flails
  1571 | D:3      | Reached XP level 4. HP: 47/47 MP: 4/4
  1574 | D:3      | Noticed Robin
  1583 | D:3      | Killed Robin
  2064 | D:3      | Reached XP level 5. HP: 44/57 MP: 5/5
  2064 | D:3      | Identified a scroll of acquirement
  2170 | D:3      | Reached skill level 5 in Maces & Flails
  2377 | D:4      | Noticed an ogre
  2384 | D:4      | Killed an ogre
  2575 | D:4      | Reached skill level 6 in Maces & Flails
  2575 | D:4      | Reached XP level 6. HP: 45/67 MP: 6/6
  3047 | D:4      | Reached skill level 7 in Maces & Flails
  3089 | D:4      | Noticed Sigmund
  3107 | D:4      | Reached XP level 7. HP: 77/77 MP: 7/7
  3308 | D:4      | Killed Sigmund
  3309 | D:4      | Reached skill level 5 in Fighting
  3309 | D:4      | Reached skill level 8 in Maces & Flails
  3487 | D:5      | Entered Level 5 of the Dungeon
  3655 | D:5      | Reached skill level 9 in Maces & Flails
  3700 | D:5      | Reached XP level 8. HP: 82/89 MP: 8/8
  3999 | D:5      | Identified the ring "Vealocetz" {Ice -Tele Str+7} (You
                  | acquired it on level 5 of the Dungeon)
  4009 | D:5      | Noticed a slime creature
  4044 | D:5      | Killed a slime creature
  4045 | D:5      | Reached skill level 10 in Maces & Flails
  4480 | D:6      | Reached skill level 11 in Maces & Flails
  4488 | D:6      | Found a staircase to the Ecumenical Temple.
  4503 | Temple   | Entered the Ecumenical Temple
  4517 | Temple   | Became a worshipper of Uskayaw the Reveler
  4531 | D:6      | Reached * piety under Uskayaw
  4563 | D:6      | Found a transporter.
  4564 | D:6      | Noticed rychschax's ghost (novice AvVM)
  4567 | D:6      | Identified the cursed +2 great mace "Loczu" {pain, rPois
                  | MR+ Dex+2}
  4568 | D:6      | Noticed Menkaure
  4573 | D:6      | Killed Menkaure
  4573 | D:6      | Reached ** piety under Uskayaw
  4574 | D:6      | Reached skill level 1 in Invocations
  4580 | D:6      | Found a transporter.
  4629 | D:6      | Found a sand-covered staircase.
  4643 | Ossuary  | Entered an ossuary
  4824 | Ossuary  | Reached XP level 9. HP: 100/100 MP: 10/10
  4874 | Ossuary  | Reached skill level 12 in Maces & Flails
  5170 | D:6      | Noticed a troll
  5175 | D:6      | Killed a troll
  5531 | D:6      | Found a burning altar of Makhleb.
  5826 | D:6      | Reached *** piety under Uskayaw
  5837 | D:6      | Killed from afar by rychschax's ghost

Skill      XL: |  1  2  3  4  5  6  7  8  9 |
---------------+----------------------------+-----
Maces & Flails | 2 3 4 6 7 9 11 12 | 12.8
Fighting       | 2 3 4 5 7 |  7.4
Dodging        | 4 |  4.4
Invocations    | 1 3 |  3.1
Stealth        | |  3.9

Action                   |  1- 3 |  4- 6 |  7- 9 || total
-------------------------+-------+-------+-------++-------
Melee: Whip              |    56 |       |       ||    56
       Flail             |    80 |    66 |    26 ||   172
       Giant spiked club |       |    51 |   257 ||   308
Invok: Line Pass         |       |       |     1 ||     1
 Abil: Passwall          |       |       |     1 ||     1
  Use: Potion            |     1 |       |     1 ||     2
       Scroll            |       |       |     6 ||     6
 Stab: Sleeping          |     6 |     4 |     6 ||    16
       Distracted        |       |     1 |       ||     1
       Invisible         |       |       |     1 ||     1
  Eat: Chunk             |     6 |     5 |    12 ||    23
       Ration            |       |     1 |     1 ||     2
Armor: Skin              |    94 |   109 |   409 ||   612
Dodge: Dodged            |   109 |    96 |   369 ||   574
